 Dungeon Crawl Stone Soup version 0.29.0-4-gdea44cf6ec (webtiles) character file.

Game seed: 16696017276237464701

23 qw the Chopper (level 3, 0/21 HPs)
             Began as a Tengu Warper on Aug 28, 2022.
             Slain by an adder (2 damage)
             ... on level 2 of the Dungeon.
             The game lasted 00:00:06 (1434 turns).

qw the Chopper (Tengu Warper)                       Turns: 1434, Time: 00:00:06

Health: 0/21       AC:  3    Str: 13    XL:     3   Next: 0%
Magic:  7/7        EV: 12    Int: 13    God:
Gold:   81         SH:  0    Dex: 13    Spells: 6/6 levels left

rFire   . . .      SeeInvis .   Y - +0 hand axe (freeze)
rCold   . . .      Faith    .   (no shield)
rNeg    . . .      Spirit   .   b - +0 leather armour
rPois   .          Reflect  .   (helmet restricted)
rElec   .          Harm     .   (no cloak)
rCorr   .          Rampage  .   (no gloves)
Will    .....                   (boots unavailable)
Stlth   +.........              (no amulet)
HPRegen 0.07/turn               (no ring)
MPRegen 0.10/turn               (no ring)

@: lethally poisoned (0 -> -1), about to teleport
A: beak, talons 3
a: no special abilities


You were on level 2 of the Dungeon.
You visited 1 branch of the dungeon, and saw 2 of its levels.

You collected 81 gold pieces.


Innate Abilities, Weirdness & Mutations

You have a beak for a mouth.
You have claws for feet.


   Skills:
 - Level 2.0 Fighting
 + Level 3.7 Axes
 - Level 1.0 Throwing
 - Level 1.1 Armour
 - Level 2.1 Dodging
 - Level 2.0 Spellcasting
 - Level 2.4 Translocations


You had 6 spell levels left.
You didn't know any spells.
Your spell library contained the following spells:

 Spells                   Type           Power      Damage    Failure   Level
 Blink                    Tloc           14%        N/A       19%         2
 Gell's Gravitas          Tloc           7%         N/A       36%         3
 Lesser Beckoning         Tloc           7%         N/A       36%         3
 Teleport Other           Tloc           7%         N/A       36%         3
 Manifold Assault         Tloc           7%         N/A       98%         5

Inventory:

Hand Weapons
 d - a +0 whip
 Y - a +0 hand axe of freezing (weapon)
Armour
 b - a +0 leather armour (worn)
Potions
 f - a potion of magic {unknown}
 i - a potion of brilliance {unknown}
 l - a potion of attraction {unknown}
 m - a potion of cancellation {unknown}

Dungeon Overview and Level Annotations

Branches:
Dungeon (2/15)

Altars:


Message History

You hit the bat but do no damage. Your kick misses the bat.
The bat is severely wounded.
The bat misses you. The bat hits you but does no damage.
A ball python comes into view.
The adder bites you.
You are poisoned.
The adder poisons you!
You closely miss the adder.
The ball python hisses angrily.
You claw the adder, but do no damage. You peck the adder.
The adder is lightly wounded.
You feel sick. The bat closely misses you. The adder bites you.
The ball python completely misses you. The ball python grabs you.
The ball python constricts you.
You hit the ball python. You freeze the ball python.
You kill the ball python!
You barely miss the adder.
You feel sick. The bat hits you but does no damage.
The adder barely misses you.
You have reached level 3!
Your experience leads to an increase in your attributes!
Increase (S)trength, (I)ntelligence, or (D)exterity?
You feel stronger. x2
You closely miss the adder. Your kick misses the adder.
Your peck misses the adder.
The adder is lightly wounded.
You barely miss the worm.
You feel sick. The bat misses you. The adder bites you but does no damage.
A kobold comes into view. It is wielding a +1 dagger of venom.
The adder bites you.
1433 ||| READING scroll of teleportation.
As you read the scroll of teleportation, it crumbles to dust.
You feel strangely unstable.
You feel sick. The bat barely misses you. The adder barely misses you.
The worm closely misses you.
You hit the adder.
The adder seems to slow down.
You freeze the adder. Your kick misses the adder.
The adder is severely wounded.
You hit the worm but do no damage.
You feel sick. The bat closely misses you. The adder bites you.
You die...

##### #...#
#...# #...######
#.b......#
###.w......#
#..@S.:....#
#.....###......#
#.... ......#
#... ......# #..
.$..$.# #!
......# #
....... ...w...


You could see a worm, an adder (slow) and a bat.

Vanquished Creatures
  4 endoplasms (D:1)
  A giant cockroach (D:1)
  2 hobgoblins (D:1)
  2 jackals (D:1)
  3 ball pythons
  2 bats (D:1)
  A frilled lizard (D:1)
  3 goblins (D:1)
  2 kobolds (D:1)
  3 rats (D:1)
23 creatures vanquished.

Notes
Turn   | Place    | Note
-------+----------+-------------------------------------------
     0 | D:1      | qw the Tengu Warper began the quest for the Orb.
     0 | D:1      | Reached XP level 1. HP: 12/12 MP: 4/4
     0 | D:1      | 0 ||| qw: Version: 0.1-a-89-g26bdef1
     0 | D:1      | 0 ||| qw: Game counter: 741
     0 | D:1      | 0 ||| qw: Always use a shield: true
     0 | D:1      | 0 ||| qw: God list: Okawaru
     0 | D:1      | 0 ||| qw: Allow faded altars: false
     0 | D:1      | 0 ||| qw: Do Orc after D:15 true
     0 | D:1      | 0 ||| qw: Do second Lair branch before Depths: true
     0 | D:1      | 0 ||| qw: Lair rune preference: random
     0 | D:1      | 0 ||| qw: Plans: Normal
     0 | D:1      | 0 ||| PLANNING D:1-11
    83 | D:1      | 83 ||| Stepping ~*~*~tactically~*~*~ (stealth).
    84 | D:1      | 84 ||| Stepping ~*~*~tactically~*~*~ (stealth).
   221 | D:1      | 221 ||| DROPPING +0 club.
   310 | D:1      | 310 ||| Stepping ~*~*~tactically~*~*~ (stealth).
   312 | D:1      | Reached XP level 2. HP: 17/17 MP: 6/6
   319 | D:1      | Reached skill level 3 in Axes
   713 | D:1      | 713 ||| Stepping ~*~*~tactically~*~*~ (stealth).
   716 | D:1      | 716 ||| Stepping ~*~*~tactically~*~*~ (stealth).
   717 | D:1      | 717 ||| Stepping ~*~*~tactically~*~*~ (stealth).
   718 | D:1      | 718 ||| Stepping ~*~*~tactically~*~*~ (stealth).
   721 | D:1      | 721 ||| Stepping ~*~*~tactically~*~*~ (stealth).
   726 | D:1      | 726 ||| Stepping ~*~*~tactically~*~*~ (stealth).
   727 | D:1      | 727 ||| Stepping ~*~*~tactically~*~*~ (stealth).
   819 | D:1      | Found a faded altar of an unknown god.
  1118 | D:1      | 1118 ||| READING scroll labelled LUASTI ALOECH.
  1119 | D:1      | 1119 ||| READING 2 scrolls labelled VOEW OFRER.
  1122 | D:1      | 1122 ||| READING scroll labelled VIUMOCRILIJE.
  1123 | D:1      | 1123 ||| READING scroll labelled JATRORPHEIR.
  1124 | D:1      | 1124 ||| READING scroll labelled VOUKHY YDOAXT.
  1261 | D:1      | 1261 ||| DROPPING scroll of blinking.
  1285 | D:2      | 1285 ||| STAIRDANCE
  1424 | D:2      | 1424 ||| STAIRDANCE
  1426 | D:2      | 1426 ||| Stepping ~*~*~tactically~*~*~ (stealth).
  1432 | D:2      | Reached XP level 3. HP: 9/21 MP: 7/7
  1432 | D:2      | HP: 4/21 [adder (4)]
  1433 | D:2      | 1433 ||| READING scroll of teleportation.
  1434 | D:2      | Slain by an adder

Levels and vault maps discovered:
D:1:      dpeg_arrival_round_c, layout_basic, serial_rivers,
          chequers_serial_rivers_micro_e, chequers_serial_rivers_micro_c,
          chequers_serial_rivers_micro_c, chequers_serial_rivers_micro_c,
          chequers_serial_rivers_large_a, ebering_ecumenical_altar_box,
          minmay_misc_feat_chi
D:2:      layout_basic, dk_vineyard_2, uniq_natasha

Skill      XL: |  1  2 |
---------------+-------+-----
Axes           | 3 |  3.7
Fighting       | |  2.0
Throwing       | |  1.0
Armour         | |  1.1
Dodging        | |  2.1
Spellcasting   | |  2.0
Translocations | |  2.4

Action                   || total
-------------------------++-------
Melee: Hand axe          ||    45
       Kick              ||    17
       Peck              ||     6
       Punch             ||     1
Throw: Boomerang         ||     7
  Use: Scroll            ||     6
Armor: Leather armour    ||     7
Dodge: Dodged            ||    35

Table legend:
 A = Non-vault XP
 B = Vault XP
 C = Vault XP percentage of total XP
 D = Non-vault monster count
 E = Vault monster count
 F = Vault count percentage of total count
                 A         B        C        D         E       F
            +---------+---------+-------+---------+---------+-------
      Total |      34 |       0 |   0.0 |      23 |       0 |   0.0
            +---------+---------+-------+---------+---------+-------
        D:1 |      32 |       0 |   0.0 |      21 |       0 |   0.0
        D:2 |       2 |       0 |   0.0 |       2 |       0 |   0.0
            +---------+---------+-------+---------+---------+-------
